 Dungeon Crawl Stone Soup version 0.28-a0-563-gf77a47075d (webtiles) character file.

Game seed: 11375183262307472624

14 miscthings the Firebug (level 2, 0/16 HPs)
             Began as a Vine Stalker Cinder Acolyte on Sept 30, 2021.
             Was a High Priest of Ignis.
             Slain by a gnoll (5 damage)
             ... on level 1 of the Dungeon.
             The game lasted 00:00:48 (684 turns).

miscthings the Firebug (Vine Stalker Cinder Acolyte) Turns: 684, Time: 00:00:48

Health: 0/16       AC:  2    Str: 16    XL:     2   Next: 45%
Magic:  0/5        EV: 11    Int: 14    God:    Ignis [*****.]
Gold:   15         SH:  0    Dex:  9    Spells: 2/4 levels left

rFire   + . .      SeeInvis .   a - -1 mace (flame)
rCold   . . .      Faith    .   (no shield)
rNeg    . . .      Spirit   +   b - +0 robe
rPois   .          Reflect  .   (no helmet)
rElec   .          Harm     .   (no cloak)
rCorr   .          Rampage  .   (no gloves)
Will    .....                   (no boots)
Stlth   +.........              (no amulet)
HPRegen 0.05/turn               (no ring)
MPRegen 0.09/turn               (no ring)

@: no status effects
A: fangs 2, magic shield, antimagic bite, no potion heal 2
a: Renounce Religion, Sea of Fire, Foxfire Swarm, Rising Flame


You were on level 1 of the Dungeon.
You worshipped Ignis.
Ignis was extremely pleased with you.
You visited 1 branch of the dungeon, and saw 1 of its levels.

You collected 15 gold pieces.

Inventory:

Hand Weapons
 a - a -1 mace of flaming (weapon)
Armour
 b - a +0 robe (worn)
Potions
 c - a potion of curing {unknown}


   Skills:
 - Level 2.6 Fighting
 - Level 2.6 Maces & Flails
 + Level 1.9 Spellcasting
 + Level 3.4 Fire Magic


You had 2 spell levels left.
You knew the following spells:

 Your Spells              Type           Power      Damage    Failure   Level
a - Scorch                Fire           20%        2d6       9%          2

Your spell library contained the following spells:

 Spells                   Type           Power      Damage    Failure   Level


Dungeon Overview and Level Annotations

Branches:
Dungeon (1/15)

Altars:


Innate Abilities, Weirdness & Mutations

You have extremely sharp teeth.
When hurt, damage is shared between your health and your magic reserves.
Your bite disrupts and absorbs the magic of your enemies.
Potions cannot restore your health.


Message History

Confirm with . or Enter, or press ? or * to list all spells.
You miscast Scorch.
You are very lightly contaminated with residual magic.
Nothing appears to happen.
The gnoll hits you from afar with a +0 spear.
A ball python comes into view.
You see here a quokka corpse.
Your magical contamination has completely faded away.
Okay, then.
Flames leap up around you! The ball python closely misses you.
The ball python grabs you. The ball python constricts you.
You thump the ball python! You burn the ball python.
You kill the ball python!
The foxfire hits the gnoll.
The gnoll is moderately wounded.
The foxfire hits the gnoll.
The gnoll is severely wounded.
The gnoll hits you from afar with a +0 spear.
The gnoll barely misses you.
Your foxfire dissipates!
You see here a ball python corpse.
You hit the endoplasm. You burn the endoplasm. You bite the endoplasm.
You kill the endoplasm!
The gnoll misses you. The gnoll misses you.
You closely miss the gnoll. You bite the gnoll. You drain its power.
You feel invigorated.
The gnoll is severely wounded.
The gnoll hits you with a +0 spear.
You closely miss the gnoll. You bite the gnoll, but do no damage.
The gnoll is severely wounded.
The gnoll hits you with a +0 spear. x2
* * * LOW HITPOINT WARNING * * *
You hit the gnoll. You burn the gnoll.
The gnoll is almost dead.
The gnoll barely misses you.
You barely miss the gnoll.
The gnoll is almost dead.
The gnoll hits you with a +0 spear.
You die...

#........# + ..... +
#........# ......
#........# .....
#........# ..##...
#.....[..# #........###
#..........#
.........#g#
........##@#
...#.g†v#†# ##.##.#...#
#....g##### #+#+#.. #
.S.. ################
..... ≈≈≈≈≈≈≈≈≈≈≈≈≈≈≈#
..J...#≈≈≈≈≈.....≈≈≈≈≈#
......#≈≈....≈≈≈....≈≈#


You could see a gnoll.

Vanquished Creatures
  2 ball pythons (D:1)
  2 endoplasms (D:1)
  2 giant cockroaches (D:1)
  A hobgoblin (D:1)
  A quokka (D:1)
  A bat (D:1)
  2 kobolds (D:1)
  2 rats (D:1)
13 creatures vanquished.

Vanquished Creatures (others)
  2 foxfires (D:1)
2 creatures vanquished.

Grand Total: 15 creatures vanquished

Notes
Turn   | Place    | Note
-------+----------+-------------------------------------------
     0 | D:1      | miscthings the Vine Stalker Cinder Acolyte began the quest
                  | for the Orb.
     0 | D:1      | Reached XP level 1. HP: 11/11 MP: 3/3
   536 | D:1      | Reached XP level 2. HP: 16/16 MP: 5/5
   600 | D:1      | Learned a level 2 spell: Scorch
   684 | D:1      | Slain by a gnoll

Illustrated notes

Levels and vault maps discovered:
D:1:      dpeg_arrival_shrine, layout_basic, shapermc_ecumenical_altar_ellora,
          minivault_23

Action                   || total
-------------------------++-------
Melee: Mace              ||    40
       Bite              ||    10
 Cast: Scorch            ||     1
Invok: Foxfire Swarm     ||     1
Armor: Robe              ||     4
Dodge: Dodged            ||    32

Table legend: (Time is in decaauts)
 A = Elapsed time spent in this place.
 B = Non-inter-level travel time spent in this place.
 C = Inter-level travel time spent in this place.
 D = Time resting spent in this place.
 E = Time spent auto-exploring this place.
 F = Levels seen in this place.
 G = Mean time per level.
                   A        B        C        D        E       F      G
               +--------+--------+--------+--------+--------+-----+--------+
         Total |    695 |    695 |      0 |    385 |    192 |   1 |  695.0 |
       Dungeon |    695 |    695 |      0 |    385 |    192 |   1 |  695.0 |
               +--------+--------+--------+--------+--------+-----+--------+

Top non-repeatable levels by time:
     D:1: 695 daAuts
